 Dungeon Crawl Stone Soup version 0.22-a0-571-g4a923d4b9e (webtiles) character file.

42463 Fandomethor the Fighter (level 13, -6/125 HPs)
             Began as a Minotaur Berserker on July 1, 2018.
             Was a High Priest of Trog.
             Mangled by a komodo dragon (15 damage)
             ... on level 6 of the Lair of Beasts.
             The game lasted 00:41:33 (13329 turns).

Fandomethor the Fighter (Minotaur Berserker)       Turns: 13329, Time: 00:41:33

Health: -6/125     AC: 18    Str: 19    XL:     13   Next: 85%
Magic:  21/21      EV: 20    Int: 18    God:    Trog [*****.]
Gold:   1122       SH:  0    Dex: 14    Spells: 12/12 levels left

rFire    + + +     SeeInvis .   e - +0 battleaxe
rCold    . . .     Gourm    .   (shield currently unavailable)
rNeg     . . .     Faith    .   H - +1 chain mail of the Camelopard {*Slow rF+++ Str-2 Int+8}
rPois    +         Spirit   .   R - +0 hat
rElec    .         Reflect  .   j - +1 cloak
rCorr    .         Harm     .   P - +0 pair of gloves {archery}
MR       .....                  (no boots)
Stlth    ..........             I - amulet of magic regeneration
HPRegen  0.30/turn              J - ring of Tempters {rPois MP+9 Int+4}
MPRegen  0.42/turn              v - +5 ring of evasion

@: no status effects
A: retaliatory headbutt, horns 2
a: Berserk, Trog's Hand, Brothers in Arms, Renounce Religion


You were on level 6 of the Lair of Beasts.
You worshipped Trog.
Trog was extremely pleased with you.
You were near starving.

You visited 3 branches of the dungeon, and saw 16 of its levels.
You also visited: Sewer.

You collected 1122 gold pieces.

Inventory:

Hand Weapons
 e - a +0 battleaxe (weapon)
 F - the +2 trident "Vosah" {flame, MP-9 Str+3 Dex+3}
   (You found it on level 9 of the Dungeon)

   It has been specially enchanted to burn those struck by it, causing extra
   injury to most foes and up to half again as much damage against particularly
   susceptible opponents.
   It affects your strength (+3).
   It affects your dexterity (+3).
   It affects your magic capacity (-9).
Armour
 j - a +1 cloak (worn)
 H - the +1 chain mail of the Camelopard (worn) {*Slow rF+++ Str-2 Int+8}
   (You found it on level 8 of the Dungeon)

   It affects your strength (-2).
   It affects your intelligence (+8).
   It renders you almost immune to fire.
   It may slow you when you take damage.
 P - a +0 pair of gloves of archery (worn)
 R - a +0 hat (worn)
Jewellery
 v - a +5 ring of evasion (right hand)
 I - an amulet of magic regeneration (around neck)
 J - the ring of Tempters (left hand) {rPois MP+9 Int+4}
   (You found it on level 8 of the Dungeon)

   [ring of magical power]

   It affects your intelligence (+4).
   It protects you from poison.
   It affects your magic capacity (+9).
 Q - a +2 ring of intelligence {unknown}
Wands
 i - a wand of paralysis (40)
 t - a wand of random effects (48)
 y - a wand of flame (13)
 G - a wand of disintegration (9)
 L - a wand of polymorph (24)
Scrolls
 b - 3 scrolls of fog
 d - 3 scrolls of identify
 g - 6 scrolls of remove curse
 h - 4 scrolls of enchant armour
 k - 3 scrolls of magic mapping
 n - a scroll of summoning {unknown}
 p - 12 scrolls of teleportation
 u - a scroll of noise {unknown}
 B - 3 scrolls of enchant weapon
 C - 3 scrolls of immolation {unknown}
 D - 3 scrolls of amnesia {unknown}
 E - 3 scrolls of fear {unknown}
 M - a scroll of brand weapon {unknown}
 O - a scroll of random uselessness {unknown}
 S - a scroll of silence {unknown}
Potions
 f - 2 potions of haste {unknown}
 l - 4 potions of degeneration {unknown}
 m - 8 potions of curing
 o - 3 potions of lignification
 q - 3 potions of agility
 r - 2 potions of magic {unknown}
 s - 6 potions of brilliance
 x - 3 potions of flight
 z - 4 potions of might
 A - a potion of invisibility {unknown}
 K - 5 potions of ambrosia
 T - a potion of berserk rage {unknown}
Miscellaneous
 N - a fan of gales
Comestibles
 c - 32 rations


   Skills:
 + Level 14.4 Fighting
 + Level 14.4 Axes
 + Level 14.2 Armour
 + Level 13.2 Dodging


You had 12 spell levels left.
You didn't know any spells.
Your spell library contained the following spells:

 Spells                   Type           Power        Failure   Level  Hunger
 Apportation              Tloc           #.....       80%         1    ##.....
 Lightning Bolt           Conj/Air       #.........   100%        5    ######.
 Confuse                  Hex            #.......     99%         3    ####...
 Summon Small Mammal      Summ           #...         80%         1    ##.....
 Animate Skeleton         Necr           N/A          80%         1    ##.....
 Spider Form              Tmut/Pois      #.........   99%         3    ####...
 Blade Hands              Tmut           #.........   100%        5    ######.
 Ice Form                 Ice/Tmut       #.......     100%        4    #####..
 Confusing Touch          Hex            #.....       80%         1    ##.....
 Sticks to Snakes         Tmut           #.......     90%         2    ###....
 Metabolic Englaciation   Hex/Ice        #.........   100%        5    ######.
 Shatter                  Erth           #.........   100%        9    #######
 Static Discharge         Conj/Air       #.......     99%         3    ####...
 Petrify                  Tmut/Erth      #.......     100%        4    #####..
 Tornado                  Air            #.........   100%        9    #######
 Beastly Appendage        Tmut           #.....       80%         1    ##.....
 Gell's Gravitas          Tloc           #.........   99%         3    ####...
 Yara's Violent Unravell  Hex/Tmut       #.........   100%        5    ######.
 Ignition                 Fire           #.........   100%        8    #######


Dungeon Overview and Level Annotations

Branches:
Dungeon (9/15)             Temple (1/1) D:4            Lair (6/6) D:9
 Shoals (0/4) Lair:2       Spider (0/4) Lair:2        Slime (0/5) Lair:6
    Orc: D:9-12

Altars:
Ashenzari
Cheibriados
Dithmenos
Elyvilon
Fedhas
Gozag
Hepliaklqana
Kikubaaqudgha
Makhleb
Nemelex Xobeh
Okawaru
Qazlal
Ru
Sif Muna
Trog
Uskayaw
Vehumet
Wu Jian
Xom
Yredelemnul
Zin
The Shining One
Jiyva

Annotations:
D:8 1 runed door
Lair:6 1 runed door


Innate Abilities, Weirdness & Mutations

You reflexively headbutt those who attack you in melee.
You have a pair of horns on your head.


Message History

You recover from your berserk rage.
Found a stone staircase leading up.
A komodo dragon comes into view.
The komodo dragon hisses angrily.
You hit the komodo dragon. You headbutt the komodo dragon.
The komodo dragon is moderately wounded.
The komodo dragon bites you!
* * * LOW HITPOINT WARNING * * *
You slash the komodo dragon! Your headbutt misses the komodo dragon.
The komodo dragon is heavily wounded.
The komodo dragon bites you!!
* * * LOW HITPOINT WARNING * * *
The water moccasin hisses angrily.
You hit the komodo dragon. You headbutt the komodo dragon!
The komodo dragon is almost dead.
The komodo dragon misses you.
You hit the komodo dragon but do no damage.
The komodo dragon is almost dead.
The komodo dragon bites you!
You die...

#.###.....................
#####P....................
.#P.................#P....
.....................(P...
........................
.#....................P.
.#P.....................
.##..PP.PP..............
...#.PPP....#.S.@.......
....P...........l.<..PP.
....†......P..........#.
##.#..#....##.........#
#####......##.#.......#
###..#....#####.P%P...##.
..........#h###..........
...........#h###...%%....
...................P.....


You could see a komodo dragon and a water moccasin.

Vanquished Creatures
  2 entropy weavers (Lair:4)
  2 hydras
  2 two-headed ogres (D:8)
  8 death yaks
  A queen ant (Lair:4)
  A lindwurm (Lair:4)
  An oklob plant (Lair:3)
  4 elephants (Lair:6)
  A manticore (Lair:2)
  3 black mambas
  13 spiny frogs
  3 rime drakes
  5 komodo dragons
  2 polar bears (Lair:5)
  14 blink frogs (Lair:4)
  A troll (D:9)
  6 slime creatures (D:8)
  6 dream sheep (Lair:3)
  6 hippogriffs
  4 hornets
  Sigmund (D:6)
  21 yaks
  A wyvern (Lair:5)
  5 basilisks
  24 soldier ants
  7 water moccasins
  An acid dragon (D:8)
  5 porcupines
  An orc warrior (D:9)
  2 ice beasts (D:9)
  A phantom (D:8)
  3 ogres
  8 wolves
  4 centaurs
  A big kobold (Sewer)
  11 crocodiles
  Blork the orc (D:6)
  8 bullfrogs
  A scorpion (D:6)
  3 killer bees (D:8)
  4 wights
  An electric eel (D:9)
  2 howler monkeys
  2 crimson imps
  A quasit (D:8)
  4 hounds
  A jelly (D:5)
  5 orc priests
  16 orc wizards
  2 bullfrog skeletons
  6 iguanas
  20 worker ants
  A killer bee zombie (D:3)
  A bullfrog simulacrum (D:9)
  A hound zombie (D:8)
  3 worker ant zombies
  4 gnolls
  21 adders
  3 river rats
  A hound simulacrum (D:9)
  2 shadow imps
  2 white imps (D:9)
  3 ufetubi (D:9)
  6 worms
  An adder simulacrum (D:9)
  A dart slug (D:1)
  4 leopard geckos
  33 orcs
  5 giant cockroaches
  4 goblins
  7 hobgoblins
  7 jackals
  5 quokkas
  12 bats
  5 frilled lizards
  12 kobolds
  17 rats
  2 fungi (Lair:4)
  4 plants
425 creatures vanquished.

Vanquished Creatures (collateral kills)
  3 hydras
  A black mamba (Lair:2)
  A spiny frog (Lair:2)
  A hippogriff (Lair:6)
  6 dream sheep (Lair:3)
  3 yaks
  A basilisk (Lair:2)
  3 soldier ants (Lair:4)
  2 wolves (Lair:6)
  A crocodile (Lair:6)
  A bullfrog (Lair:3)
  A worker ant (Lair:4)
24 creatures vanquished.

Vanquished Creatures (others)
  A white imp (D:9)
  17 fungi
  13 plants
31 creatures vanquished.

Grand Total: 480 creatures vanquished

Notes
Turn   | Place    | Note
-------+----------+-------------------------------------------
     0 | D:1      | Fandomethor the Minotaur Berserker began the quest for the Orb.
     0 | D:1      | Reached XP level 1. HP: 19/19 MP: 0/0
   100 | D:1      | Reached XP level 2. HP: 9/27 MP: 1/1
   309 | D:1      | Reached XP level 3. HP: 12/33 MP: 2/2
   320 | D:1      | Reached ** piety under Trog
   749 | D:2      | Reached XP level 4. HP: 41/41 MP: 3/3
   941 | D:2      | Found a stormy altar of Qazlal.
   945 | D:2      | Found a hide-covered altar of Uskayaw.
   950 | D:2      | Found a deep blue altar of Sif Muna.
  1030 | D:2      | Found a sparkling altar of Nemelex Xobeh.
  1030 | D:2      | Found an opulent altar of Gozag.
  1235 | D:3      | Found a bloodstained altar of Trog.
  1316 | D:3      | Reached XP level 5. HP: 23/47 MP: 4/4
  1341 | D:3      | Reached *** piety under Trog
  1529 | D:3      | Found a glowing drain.
  1558 | Sewer    | Entered a sewer
  1579 | Sewer    | Reached skill level 5 in Fighting
  1649 | Sewer    | Reached skill level 5 in Axes
  1649 | Sewer    | Reached XP level 6. HP: 37/56 MP: 5/5
  1688 | Sewer    | Found a glowing silver altar of Zin.
  2576 | D:4      | Found a staircase to the Ecumenical Temple.
  2656 | Temple   | Entered the Ecumenical Temple
  2849 | D:4      | Found a hazy altar of Hepliaklqana.
  3003 | D:5      | Entered Level 5 of the Dungeon
  3080 | D:5      | Found a shattered altar of Ashenzari.
  3086 | D:5      | Reached skill level 5 in Armour
  3086 | D:5      | Reached XP level 7. HP: 57/62 MP: 6/6
  3146 | D:5      | Found a glowing golden altar of the Shining One.
  3201 | D:5      | Reached skill level 5 in Dodging
  3409 | D:5      | Reached **** piety under Trog
  3745 | D:6      | Reached XP level 8. HP: 66/71 MP: 7/7
  3874 | D:6      | Noticed Sigmund
  3883 | D:6      | Killed Sigmund
  3978 | D:6      | Noticed Blork the orc
  3989 | D:6      | Killed Blork the orc
  4093 | D:6      | Received a gift from Trog
  4473 | D:7      | Noticed a hornet
  4481 | D:7      | Killed a hornet
  5051 | D:7      | Found a basalt altar of Yredelemnul.
  5116 | D:8      | Reached XP level 9. HP: 81/81 MP: 8/8
  5145 | D:8      | Reached ***** piety under Trog
  5295 | D:8      | Found a large runed door.
  5295 | D:8      | Found a large runed door.
  5344 | D:8      | Noticed a two-headed ogre
  5373 | D:8      | Noticed a sixfirhy
  5375 | D:8      | Found a runed door.
  5383 | D:8      | Noticed a two-headed ogre
  5395 | D:9      | Noticed a troll
  5401 | D:9      | Killed a troll
  5436 | D:9      | Reached XP level 10. HP: 65/91 MP: 9/9
  5494 | D:9      | Got a pitted trident
  5566 | D:9      | Found a snail-covered altar of Cheibriados.
  5675 | D:8      | Found a burning altar of Makhleb.
  5676 | D:8      | Found a radiant altar of Vehumet.
  5768 | D:8      | Paralysed by a hornet for 1 turns
  5845 | D:8      | Killed a two-headed ogre
  5845 | D:8      | Reached skill level 10 in Fighting
  5845 | D:8      | Reached skill level 10 in Axes
  6149 | D:8      | Found a large runed door.
  6149 | D:8      | Found a large runed door.
  6173 | D:8      | Reached skill level 10 in Armour
  6197 | D:8      | Got a brightly glowing chain mail
  6212 | D:8      | Identified the cursed +1 chain mail of the Camelopard {*Slow rF+++ Str-2 Int+8} (You found it on level 8 of the Dungeon)
  6240 | D:8      | Got a brightly glowing bone ring
  6249 | D:8      | Identified the ring of Tempters {rPois MP+9 Int+4} (You found it on level 8 of the Dungeon)
  6279 | D:8      | Killed a two-headed ogre
  6319 | D:8      | Got a slimy turquoise ring
  6321 | D:8      | Identified the ring "Puzil" {MP+9 Int+3 Stlth-} (You found it on level 8 of the Dungeon)
  6488 | D:9      | Identified the cursed +2 trident "Vosah" {flame, MP-9 Str+3 Dex+3} (You found it on level 9 of the Dungeon)
  6787 | D:9      | Found a staircase to the Lair.
  6901 | D:9      | Reached XP level 11. HP: 74/101 MP: 10/10
  7430 | Lair:1   | Entered Level 1 of the Lair of Beasts
  7439 | Lair:1   | Received a gift from Trog
  7578 | Lair:1   | Reached skill level 10 in Dodging
  8129 | Lair:2   | Found a hole to the Spider Nest.
  8268 | Lair:2   | Noticed a seven-headed hydra
  8298 | Lair:2   | Killed a seven-headed hydra
  8346 | Lair:2   | Noticed a death yak
  8374 | Lair:2   | HP: 7/156 [death yak (20)]
  8377 | Lair:2   | HP: 2/104 [poisoned by a spiny frog]
  8738 | Lair:2   | Found a staircase to the Shoals.
  8983 | Lair:2   | Killed a death yak
  9459 | Lair:3   | Noticed an oklob plant
  9492 | Lair:3   | Reached XP level 12. HP: 90/112 MP: 11/11
  9718 | Lair:3   | Noticed a six-headed hydra
  9724 | Lair:3   | Killed a six-headed hydra
  9785 | Lair:3   | Noticed a death yak
  9786 | Lair:3   | Noticed a death yak
  9787 | Lair:3   | Noticed a death yak
  9795 | Lair:3   | Killed a death yak
  9799 | Lair:3   | Killed a death yak
  9802 | Lair:3   | Killed a death yak
 10638 | Lair:4   | Noticed an entropy weaver
 10658 | Lair:4   | Noticed an entropy weaver
 10729 | Lair:5   | HP: 2/115 [yak (18)]
 10954 | Lair:4   | Noticed a queen ant
 11140 | Lair:4   | Killed a queen ant
 11210 | Lair:4   | Reached XP level 13. HP: 99/122 MP: 12/12
 11261 | Lair:4   | Killed an entropy weaver
 11352 | Lair:4   | Killed an entropy weaver
 12449 | Lair:6   | Entered Level 6 of the Lair of Beasts
 12999 | Lair:6   | Found a runed door.
 12999 | Lair:6   | Found a viscous altar of Jiyva.
 13001 | Lair:6   | Noticed an acid blob
 13009 | Lair:6   | Found a staircase to the Slime Pits.
 13009 | Lair:6   | Noticed an acid blob
 13329 | Lair:6   | Mangled by a komodo dragon

Vault maps used:
D:1:      dpeg_arrival_round_a
D:2:      grunt_temple_overflow_opulence, minmay_overflow_temple_star_quad,
          minmay_fountain_box
D:3:      lightli_temple_of_fire, portal_sewer_entry_a, first_ration
D:4:      lemuel_crystal_altar, temple_statues
D:5:      ashenzari_conservatory_becter, basic_altar
D:6:      uniq_sigmund, uniq_blork_the_orc
D:7:      marbit_many_paths
D:8:      cheibrodos_shockbox, grunt_temple_overflow_lords_of_destruction,
          hangedman_pestilent_swarm, nrook_mini_backslash,
          minmay_hollow_rounded_squares
D:9:      overflow_temple_1_default, david_lair_shrubbed, serial_ice,
          serial_ice_k, serial_ice_m, serial_ice_a, serial_ice_n, serial_ice_c,
          serial_ice_o, serial_ice_h, serial_ice_g, serial_ice_b, serial_ice_d,
          hangedman_decor_peaks_small
Temple:   cyrus_temple_forest
Lair:2:   minmay_shoals_entry_beasts, dummy_spider_entry, nzn_random_ring
Lair:3:   serial_bayou_shore_b, grunt_megastairs_4, serial_bayou_shore_a,
          minmay_lair_oklob_chamber, uniq_harold
Lair:4:   minivault_29, grunt_megastairs_2
Lair:6:   due_jungle_book, slime_altar_2, basic_altar, hibernation_bobbens,
          grunt_megastairs_1, lemuel_fruit_tree, infiniplex_staircase_pool_2
Sewer:    sewer_kobolds

Skill      XL: |  1  2  3  4  5  6  7  8  9 10 11 12 13 |
---------------+----------------------------------------+-----
Fighting       | 4 5 6 7 9 10 12 13 14 | 14.4
Axes           | 4 5 6 7 9 10 12 13 14 | 14.4
Armour         | 3 4 5 6 7 9 10 11 13 14 | 14.2
Dodging        | 3 4 5 6 8 9 10 12 13 | 13.2

Action                   |  1- 3 |  4- 6 |  7- 9 | 10-12 | 13-15 || total
-------------------------+-------+-------+-------+-------+-------++-------
Melee: Hand axe          |    64 |   172 |   278 |   121 |       ||   635
       Headbutt          |     9 |    26 |    64 |   152 |    94 ||   345
       War axe           |       |       |       |   516 |   303 ||   819
       Trident           |       |       |       |     3 |       ||     3
       Battleaxe         |       |       |       |       |    21 ||    21
Invok: Berserk           |     1 |       |     6 |    12 |     4 ||    23
       Trog's Hand       |       |     1 |     3 |     3 |       ||     7
       Brothers in Arms  |       |       |       |     6 |     3 ||     9
  Use: Scroll            |       |     4 |       |    17 |       ||    21
       Potion            |       |     1 |       |     3 |     1 ||     5
 Stab: Distracted        |       |       |       |     1 |       ||     1
  Eat: Chunk             |       |     6 |    12 |    28 |    10 ||    56
       Ration            |       |       |     1 |     2 |       ||     3
Armor: Animal skin       |    13 |    13 |       |       |       ||    26
       Ring mail         |       |    30 |     8 |       |       ||    38
       Scale mail        |       |       |    33 |       |       ||    33
       Chain mail        |       |       |    45 |   255 |   125 ||   425
Dodge: Dodged            |    48 |   121 |   216 |   609 |   323 ||  1317

Table legend:
 A = Spawn XP
 B = Non-spawn XP
 C = Spawn XP percentage of total XP
 D = Spawn monster count
 E = Non-spawn monster count
 F = Spawn count percentage of total count
 G = Total turns spent on level
                    A         B        C        D         E        F      G
               +---------+---------+-------+---------+---------+-------+---------
         Total |       0 |   60662 |   0.0 |       0 |     444 |   0.0 | 13329
               +---------+---------+-------+---------+---------+-------+---------
           D:1 |       0 |      61 |   0.0 |       0 |      29 |   0.0 |   680
           D:2 |       0 |     110 |   0.0 |       0 |      26 |   0.0 |   543
           D:3 |       0 |     164 |   0.0 |       0 |      28 |   0.0 |   939
           D:4 |       0 |     197 |   0.0 |       0 |       4 |   0.0 |   563
           D:5 |       0 |     619 |   0.0 |       0 |      33 |   0.0 |   749
           D:6 |       0 |     945 |   0.0 |       0 |      23 |   0.0 |   691
           D:7 |       0 |     538 |   0.0 |       0 |      12 |   0.0 |   847
           D:8 |       0 |    5515 |   0.0 |       0 |      40 |   0.0 |  1250
           D:9 |       0 |    3739 |   0.0 |       0 |      51 |   0.0 |   890
        Lair:1 |       0 |    3509 |   0.0 |       0 |      16 |   0.0 |   698
        Lair:2 |       0 |    6129 |   0.0 |       0 |      19 |   0.0 |  1209
        Lair:3 |       0 |    7147 |   0.0 |       0 |      25 |   0.0 |  1003
        Lair:4 |       0 |   13650 |   0.0 |       0 |      63 |   0.0 |  1223
        Lair:5 |       0 |    7555 |   0.0 |       0 |      30 |   0.0 |  1321
        Lair:6 |       0 |   10641 |   0.0 |       0 |      35 |   0.0 |   445
         Sewer |       0 |     143 |   0.0 |       0 |      10 |   0.0 |   193
               +---------+---------+-------+---------+---------+-------+---------
